Map: Ley Lines

Players

DroppedBaby - Winner!

  • Race: Zerg Zerg
  • League: Gold
  • Spawn Location: 7:00

GangusKaun

  • Race: Protoss Protoss
  • League: Gold
  • Spawn Location: 1:00

VOD

Have the link to the VOD?

Description

Time

  • Played on: Dec. 8, 2024, 12:07 p.m.
  • Length: 8:59
Show
View Real Time Build Order
Export as new Build Order

DroppedBaby Zerg - Winner!

Build Orders: Pool First 

Get SALT Encoding   

  12  0:01  Drone  
  13  0:09  Drone  
  14  0:25  Spawning Pool  
  13  0:29  Drone  
  14  0:37  Extractor  
  14  0:39  Drone, Extractor  
  14  0:40  Drone  
  16  0:47  Overlord  
  16  1:13  Zergling x6  
  19  1:20  Extractor  
  19  1:23  Hatchery  
  17  1:26  Drone  
  18  1:45  Drone  
  18  1:46  Queen  
  21  1:50  Drone  
  22  1:57  Overlord  
  20  2:28  Metabolic Boost  
  20  2:31  Drone x3  
  20  2:35  Extractor  
  22  2:38  Queen  
  22  2:39  Drone  
  25  2:51  Zergling x2  
  26  3:01  Drone x2  
  26  3:02  Drone  
  26  3:03  Zergling x2  
  26  3:05  Lair  
  30  3:08  Drone x3  
  33  3:19  Overlord  
  33  3:29  Extractor  
  33  3:32  Drone x2  
  33  3:33  Extractor  
  33  3:34  Burrow  
  33  3:41  Spore Crawler  
  33  3:44  Drone  
  33  3:50  Drone  
  34  3:56  Drone x3  
  37  4:17  Zergling x4  
  37  4:21  Spire  
  35  4:32  Drone  
  35  4:34  Zergling x2  
  35  4:38  Hatchery  
  36  4:39  Drone x2  
  36  4:40  Drone  
  36  4:42  Overseer  
  39  4:51  Overlord  
  39  5:06  Overlord x2  
  39  5:37  Zerg Flyer Weapons Level 1  
  38  6:03  Drone  
  38  6:04  Drone  
  40  6:10  Mutalisk  
  42  6:11  Mutalisk x7  
  42  6:12  Mutalisk x4  
  64  6:24  Drone x2, Extractor  
  65  6:32  Overlord  
  65  6:42  Drone  
  66  7:15  Overlord, Mutalisk x5  
  76  7:33  Drone  
  76  7:34  Drone x2  
  76  7:36  Queen  
  79  7:39  Extractor  
  80  7:51  Mutalisk x3  
Show
View Real Time Build Order
Export as new Build Order

GangusKaun Protoss 

Build Orders: 1 Gate Expand 

Get SALT Encoding   

  12  0:00  Probe  
  13  0:13  Probe  
  14  0:19  Pylon  
  14  0:31  Probe  
  15  0:41  Gateway  
  15  0:43  Probe  
  16  0:50  Assimilator  
  16  0:55  Probe  
  17  1:07  Probe  
  18  1:22  Nexus  
  18  1:28  Pylon  
  18  1:32  Probe  
  19  1:47  Zealot  
  19  1:49  Probe  
  22  1:58  Cybernetics Core  
  22  2:06  Gateway  
  22  2:09  Assimilator  
  22  2:20  Zealot  
  23  2:32  Probe  
  24  2:39  Warp Gate, Probe  
  25  2:44  Probe  
  25  2:46  Adept  
  28  2:52  Probe  
  28  2:53  Shield Battery  
  28  2:56  Probe  
  30  3:04  Probe  
  31  3:09  Adept  
  33  3:25  Stargate  
  33  3:26  Shield Battery, Probe  
  34  3:27  Probe  
  35  3:38  Probe  
  35  3:40  Probe  
  37  3:50  Probe  
  37  3:51  Adept x2  
  37  3:52  Probe  
  43  3:55  Pylon  
  43  4:02  Oracle  
  43  4:06  Twilight Council, Probe  
  45  4:28  Probe  
  45  4:29  Probe  
  47  4:40  Assimilator  
  47  4:41  Probe x2  
  47  4:43  Pylon  
  47  4:45  Assimilator  
  49  4:49  Gateway  
  49  4:50  Gateway  
  49  5:03  Nexus  
  49  5:09  Pylon  
  49  5:17  Charge  
  49  5:22  Oracle, Probe  
  50  5:28  Forge  
  50  5:34  Probe  
  54  5:41  Shield Battery  
  54  5:45  Forge  
  54  5:46  Probe  
  54  5:49  Gateway  
  55  5:54  Templar Archives  
  55  6:00  Probe  
  55  6:01  Oracle  
  59  6:13  Protoss Ground Weapons Level 1  
  59  6:21  Probe x3  
  62  6:33  Probe  
  53  7:01  Photon Cannon  
  53  7:04  Stalker x3  
  53  7:05  Photon Cannon  
  59  7:10  Photon Cannon  
  59  7:11  Photon Cannon  
  57  7:33  Photon Cannon  
  57  7:36  Gateway  
  57  7:54  Photon Cannon  
  57  7:59  Photon Cannon  
  57  8:00  Shield Battery  
  57  8:02  Photon Cannon  
  57  8:05  Pylon  
  57  8:09  Assimilator  
  57  8:11  Stalker x2  
  41  8:34  Stargate  
  41  8:35  Stalker x2  
  41  8:36  Stalker  
  41  8:39  Pylon  
  47  8:43  Pylon  
  47  8:52  Pylon  
Tags
 
Add a new tag
Caveats
  • Supply blocks, unpowered buildings, or Contaminate may cause inaccurate times.
  • Supply counts are checked every 10 seconds.